 Dungeon Crawl Stone Soup version 0.29-a0-333-gb4c28e87c6 (webtiles) character file.

Game seed: 6468493346454750506

497 Jortsu the Chopper (level 6, -1/40 (43) HPs)
             Began as a Demonspawn Fighter on Apr 13, 2022.
             Was a Priest of Hepliaklqana.
             Slain by a wight
             ... wielding a +6 morningstar
              (4 damage)
             ... on level 4 of the Dungeon.
             The game lasted 00:04:59 (3078 turns).

Jortsu the Chopper (Demonspawn Fighter)             Turns: 3078, Time: 00:04:59

HP:   -1/40 (43)    AC:  9    Str: 19    XL:     6   Next: 93%
MP:   6/6           EV:  9    Int:  9    God:    Hepliaklqana [***...]
Gold: 234           SH: 14    Dex: 12    Spells: 5/5 levels left

rFire   . . .      SeeInvis .   a - +0 war axe
rCold   + . .      Faith    .   c - +0 buckler
rNeg    . . .      Spirit   .   b - +0 scale mail
rPois   .          Reflect  +   (helmet restricted)
rElec   .          Harm     .   (no cloak)
rCorr   .          Rampage  .   (no gloves)
Will    .....                   j - +1 pair of boots
Stlth   ..........              h - amulet of reflection
HPRegen 0.13/turn               k - ring of protection from cold
MPRegen 0.10/turn               (no ring)

@: drained
A: reduced essence, horns 1, condensation shield, weakness stinger 2
a: Renounce Religion, Recall Ancestor, Ancestor Identity, Transference


You were on level 4 of the Dungeon.
You worshipped Hepliaklqana.
Hepliaklqana was most pleased with you.
You visited 1 branch of the dungeon, and saw 4 of its levels.

You collected 234 gold pieces.

Inventory:

Hand Weapons
 a - a +0 war axe (weapon)
Armour
 b - a +0 scale mail (worn)
 c - a +0 buckler (worn)
 j - a +1 pair of boots (worn)
Jewellery
 h - an amulet of reflection (around neck)
 k - a ring of protection from cold (left hand)
Scrolls
 f - a scroll of holy word
Potions
 d - a potion of invisibility {unknown}
 e - 4 potions of curing
 g - a potion of haste {unknown}
 i - a potion of resistance {unknown}
 l - a potion of mutation {unknown}


   Skills:
 + Level 4.0 Fighting
 + Level 4.2 Axes
 + Level 4.2 Armour
 + Level 1.2 Dodging
 + Level 1.0 Stealth
 + Level 3.8 Shields


You had 5 spell levels left.
You didn't know any spells.
Your spell library contained the following spells:

 Spells                   Type           Power      Damage    Failure   Level
 Ignite Poison            Fire/Tmut/Pois 0%         N/A       99%         3
 Mephitic Cloud           Conj/Pois/Air  0%         N/A       99%         3
 Ozocubu's Armour         Ice            0%         N/A       99%         3
 Freezing Cloud           Conj/Ice/Air   0%         6-21      100%        5
 Ozocubu's Refrigeration  Ice            0%         4d5       100%        7


Dungeon Overview and Level Annotations

Branches:
Dungeon (4/15)
 Temple: D:4-7

Altars:
Hepliaklqana
Wu Jian


Innate Abilities, Weirdness & Mutations

Your life essence is reduced to manifest your ancestor. (-10% HP)
You have a pair of small horns on your head.
A meltable shield of frost defends you. (SH +4)
You have a tail ending in a sharp stinger.


Message History

You slash the ball python!
You kill the ball python!
You barely miss the ogre. You block the ogre's attack.
Ur-Dumizida barely misses the ogre.
You hit the ogre.
The ogre is lightly wounded.
Ur-Dumizida casts a spell at the ogre.
The puff of frost misses the ogre.
You block the ogre's attack.
You barely miss the ogre.
The ogre is lightly wounded.
Ur-Dumizida barely misses the ogre.
You block the ogre's attack.
Ur-Dumizida completely misses the ogre.
You slash the ogre! You headbutt the ogre!
The ogre is severely wounded.
Ur-Dumizida hits the ogre with a +0 quarterstaff!!
The ogre dies!
Your Fighting skill increases to level 4!
Things that are here:
a +0 giant spiked club; an ogre corpse
Found a stone staircase leading down.
g - a dark potion
Found 3 poisoned darts. 2 wights come into view.
Found a stone staircase leading up.
You block the wight's attack.
You closely miss the wight.
Your tail-slap misses the wight.
The wight hits you but does no damage.
The wight hits you with a +6 morningstar.
Ur-Dumizida casts a spell at the wight.
The puff of frost hits the wight.
The wight resists.
The wight barely misses you.
The wight hits you with a +6 morningstar!
You feel drained.
You barely miss the wight. You tail-slap the wight.
The wight is lightly damaged.
The wight hits you from afar with a +1 halberd!
The wight hits you with a +6 morningstar!!
* * * LOW HITPOINT WARNING * * *
You feel drained.
You die...

....... .......
######### .......
.........# .......
#.........# ##.......
#.........#
#.....R.......
#.........###........
#.........# ##.......
#.........# #......
#######.### #####.
#.# ###.### #.....#


You could see the friendly Ur-Dumizida the battlemage and 2 wights.

Vanquished Creatures
  Sigmund (D:2)
  Natasha (twice) (D:2)
  2 orc wizards (D:4)
  An adder (D:3)
  A worm (D:2)
  2 dart slugs (D:1)
  2 orcs
  3 ball pythons
  3 bats
  5 endoplasms
  3 giant cockroaches
  8 goblins
  2 hobgoblins
  3 jackals (D:1)
  6 kobolds
  2 quokkas
  4 frilled lizards
  A rat (D:1)
51 creatures vanquished.

Vanquished Creatures (collateral kills)
  An ogre (D:4)
  Natasha (D:2)
  Robin (D:2)
  2 adders
  2 worms
  2 giant cockroaches
  6 goblins (D:2)
  4 hobgoblins (D:2)
  2 jackals (D:1)
  3 quokkas
  3 ball pythons
  3 bats
  3 kobolds
  A rat (D:2)
34 creatures vanquished.

Grand Total: 85 creatures vanquished

Notes
Turn   | Place    | Note
-------+----------+-------------------------------------------
     0 | D:1      | Jortsu the Demonspawn Fighter began the quest for the Orb.
     0 | D:1      | Reached XP level 1. HP: 18/18 MP: 1/1
   208 | D:1      | Found a faded altar of an unknown god.
   214 | D:1      | Discovered your monstrous ancestry.
   214 | D:1      | Gained mutation: You have a pair of small horns on your
                  | head. [demonic ancestry]
   214 | D:1      | Reached XP level 2. HP: 24/24 MP: 2/2
   219 | D:1      | Prayed at the altar of an unknown god.
   219 | D:1      | Became a worshipper of Hepliaklqana the Forgotten
   219 | D:1      | Reached * piety under Hepliaklqana
   740 | D:1      | Gained mutation: A meltable shield of frost defends you.
                  | (SH +4) [demonic ancestry]
   740 | D:1      | Reached XP level 3. HP: 20/26 MP: 3/3
   856 | D:1      | Reached ** piety under Hepliaklqana
   857 | D:1      | Remembered your ancestor Ur-Dumizida as a battlemage
  1442 | D:2      | Noticed Robin
  1446 | D:2      | Noticed Natasha
  1452 | D:2      | Killed Robin
  1456 | D:2      | Killed Natasha
  1457 | D:2      | Gained mutation: You have a small tail. [demonic ancestry]
  1457 | D:2      | Reached XP level 4. HP: 26/32 MP: 4/4
  1807 | D:2      | Noticed Natasha
  1811 | D:2      | Killed Natasha
  1812 | D:2      | Reached XP level 5. HP: 37/37 MP: 5/5
  1991 | D:2      | Noticed Natasha
  1996 | D:2      | Killed Natasha
  2024 | D:2      | Noticed Sigmund
  2032 | D:2      | Killed Sigmund
  2033 | D:2      | Reached skill level 1 in Dodging
  2033 | D:2      | Gained mutation: You have a tail ending in a sharp stinger.
                  | [demonic ancestry]
  2033 | D:2      | Reached XP level 6. HP: 27/43 MP: 6/6
  2831 | D:3      | Reached *** piety under Hepliaklqana
  2991 | D:4      | Reached skill level 1 in Stealth
  3025 | D:4      | Found an ornate altar of the Wu Jian Council.
  3078 | D:4      | Slain by a wight

Illustrated notes

Levels and vault maps discovered:
D:1:      scummos_arrival_hexagon, layout_loops_corners,
          hellmonk_ecumenical_altar_zigzags
D:2:      layout_loops_ring, uniq_natasha, uniq_sigmund, uniq_robin
D:3:      layout_basic, minivault_24, grunt_decor_cap
D:4:      layout_rooms, kennysheep_mini_moat, grunt_ministairs_3,
          minmay_hollow_rounded_squares

Skill      XL: |  1  2  3  4  5  6 |
---------------+-------------------+-----
Axes           | 2 3 4 |  4.2
Armour         | 3 4 |  4.2
Shields        | 3 |  3.8
Dodging        | 1 |  1.2
Stealth        | 1 |  1.0
Fighting       | 4 |  4.0

Action                   |  1- 3 |  4- 6 || total
-------------------------+-------+-------++-------
Melee: War axe           |    74 |    64 ||   138
       Headbutt          |     6 |     6 ||    12
       Tailslap          |       |     7 ||     7
Invok: Ancestor Life: Ba |     1 |       ||     1
       Recall Ancestor   |       |     1 ||     1
  Use: Scroll            |     5 |     3 ||     8
       Potion            |       |     1 ||     1
Armor: Scale mail        |    66 |    17 ||    83
Dodge: Dodged            |    36 |    15 ||    51
Block: Buckler           |    28 |    47 ||    75
       Reflection        |       |     1 ||     1

Table legend: (Time is in decaauts)
 A = Elapsed time spent in this place.
 B = Non-inter-level travel time spent in this place.
 C = Inter-level travel time spent in this place.
 D = Time resting spent in this place.
 E = Time spent auto-exploring this place.
 F = Levels seen in this place.
 G = Mean time per level.
                   A        B        C        D        E       F      G
               +--------+--------+--------+--------+--------+-----+--------+
         Total |   3152 |   3063 |     89 |    310 |   2126 |   4 |  788.0 |
       Dungeon |   3152 |   3063 |     89 |    310 |   2126 |   4 |  788.0 |
               +--------+--------+--------+--------+--------+-----+--------+

Top non-repeatable levels by time:
     D:1: 1436 daAuts
     D:2: 998 daAuts
     D:3: 606 daAuts
     D:4: 110 daAuts
